 Dungeon Crawl Stone Soup version 0.27-a0-1116-g91b3acb402 (webtiles) character file.

Game seed: 7925215969346886040

198 voltaire321 the Skirmisher (level 5, -4/37 HPs)
             Began as an Octopode Fighter on May 1, 2021.
             Slain by a gnoll
             ... wielding a +0 spear
              (5 damage)
             ... on level 4 of the Dungeon.
             The game lasted 00:05:26 (3650 turns).

voltaire321 the Skirmisher (Octopode Fighter)       Turns: 3650, Time: 00:05:26

Health: -4/37      AC:  1    Str: 15    XL:     5   Next: 76%
Magic:  5/5        EV: 12    Int: 10    God:
Gold:   69         SH:  9    Dex: 13    Spells: 4/4 levels left

rFire    . . .     SeeInvis .   a - +0 war axe
rCold    . . .     Faith    .   b - +0 kite shield
rNeg     . . .     Spirit   .   (helmet restricted)
rPois    .         Reflect  .   (no amulet)
rElec    .         Harm     .   (no ring)
rCorr    .         Rampage  .   (no ring)
Will     .....                  (no ring)
Stlth    ++........             (no ring)
HPRegen  0.12/turn              (no ring)
MPRegen  0.09/turn              (no ring)
                                (no ring)
                                (no ring)

@: no status effects
A: almost no armour, amphibious, 8 rings, camouflage 1, gelatinous body 1,
(nimble swimmer 1), tentacles
a: no special abilities


You were on level 4 of the Dungeon.
You visited 1 branch of the dungeon, and saw 4 of its levels.

You collected 69 gold pieces.

Inventory:

Hand Weapons
 a - a +0 war axe (weapon)
Missiles
 i - 15 poisoned darts (quivered)
Armour
 b - a +0 kite shield (worn)
Wands
 k - a wand of polymorph (9)
Potions
 c - a potion of might
 d - a potion of invisibility {unknown}
 e - 4 potions of heal wounds {unknown}
 h - a potion of flight
 l - a potion of curing


   Skills:
 + Level 4.0 Fighting
 + Level 3.2 Axes
 + Level 1.1 Throwing
 + Level 3.9 Dodging
 + Level 3.9 Shields


You had 4 spell levels left.
You didn't know any spells.
Your spell library contained the following spells:

 Spells                   Type           Power      Damage    Failure   Level
 Confusing Touch          Hex            0%         N/A       99%         3
 Gell's Gravitas          Tloc           0%         N/A       99%         3
 Petrify                  Tmut/Erth      0%         N/A       100%        4
 Metabolic Englaciation   Hex/Ice        0%         N/A       100%        5
 Yara's Violent Unravell  Hex/Tmut       0%         3d3       100%        5


Dungeon Overview and Level Annotations

Branches:
Dungeon (4/15)
 Temple: D:4-7

Altars:
Dithmenos
Qazlal

Portals:
Abyss: D:3

Annotations:
D:3 2 transporters, Mels's ghost, amateur DrTm


Innate Abilities, Weirdness & Mutations

You cannot wear most types of armour.
You are amphibious.
You can wear up to eight rings at the same time.
Your skin changes colour to match your surroundings (Stealth+).
Your rubbery body absorbs attacks. (AC +1, EV +1)
((You are camouflaged near water. (Stealth+)))
You have tentacles for arms and can constrict up to eight enemies at once.


Message History

A giant cockroach and a gnoll come into view.
You block the gnoll's attack.
The giant cockroach moves out of view.
You slash the gnoll shaman! You grab the gnoll shaman.
You squeeze the gnoll shaman.
The gnoll shaman is heavily wounded.
You constrict the gnoll shaman. You block the gnoll's attack.
The gnoll shaman barely misses you. The gnoll barely misses you.
You hit the gnoll shaman but do no damage.
The gnoll shaman is severely wounded.
You constrict the gnoll shaman. You block the gnoll's attack.
The gnoll barely misses you.
The gnoll shaman struggles to escape constriction.
The gnoll completely misses you. The gnoll closely misses you.
The gnoll shaman escapes!
Your shield prevents you from hitting the gnoll shaman.
Your grab misses the gnoll shaman.
The gnoll shaman is severely wounded.
You block the gnoll's attack. The gnoll completely misses you.
The gnoll barely misses you.
The gnoll shaman hits you with a +0 club.
The gnoll hits you from afar with a +0 spear!
You hit the gnoll shaman but do no damage.
You grab the gnoll shaman.
The gnoll shaman is severely wounded.
You constrict the gnoll shaman. The gnoll closely misses you.
You block the gnoll's attack. You block the gnoll shaman's attack.
The gnoll hits you from afar with a +0 spear.
The gnoll shaman hits you with a +0 club.
You block the gnoll's attack.
You hit the gnoll shaman.
You kill the gnoll shaman!
The gnoll hits you from afar with a +0 spear!
* * * LOW HITPOINT WARNING * * *
The gnoll misses you. The gnoll closely misses you.
The gnoll hits you from afar with a +0 halberd.
* * * LOW HITPOINT WARNING * * *
Your Fighting skill increases to level 4!
Your Throwing skill increases to level 1!
The gnoll hits you from afar with a +0 spear.
You die...

..# ..# # ..#####
##. ........ ....
.g....
....#####Bgg
........#g#
.........)##+#
#.....@#.##.#
#......#.##.#####
#...#...........#
##. ####.##.###.#
.........##.#
.##.########.#
#......# #.######
#.#


You could see 3 gnolls and a giant cockroach.

Vanquished Creatures
  A gnoll shaman (D:4)
  Terence (D:2)
  An orc wizard (D:3)
  Robin (D:2)
  A gnoll (D:1)
  2 adders (D:3)
  A worm (D:2)
  5 orcs (D:3)
  5 endoplasms
  2 giant cockroaches
  13 goblins
  6 hobgoblins
  7 jackals
  5 kobolds (D:1)
  A quokka (D:1)
  6 ball pythons
  2 bats
  6 rats (D:1)
66 creatures vanquished.

Notes
Turn   | Place    | Note
-------+----------+-------------------------------------------
     0 | D:1      | voltaire321 the Octopode Fighter began the quest for the
                  | Orb.
     0 | D:1      | Reached XP level 1. HP: 16/16 MP: 1/1
   126 | D:1      | Reached XP level 2. HP: 19/21 MP: 2/2
   592 | D:1      | Reached XP level 3. HP: 15/26 MP: 3/3
  1497 | D:2      | Noticed Robin
  1502 | D:2      | Reached XP level 4. HP: 18/31 MP: 4/4
  1503 | D:2      | Killed Robin
  1769 | D:2      | Noticed Terence
  1774 | D:2      | Killed Terence
  2633 | D:3      | Reached XP level 5. HP: 35/37 MP: 5/5
  2732 | D:3      | Found a transporter.
  2734 | D:3      | Noticed a kobold brigand
  2826 | D:3      | Found a stormy altar of Qazlal.
  2923 | D:3      | Found a shadowy altar of Dithmenos.
  3368 | D:3      | Found a one-way gate to the infinite horrors of the Abyss.
  3368 | D:3      | Noticed Mels's ghost (amateur DrTm)
  3369 | D:3      | Noticed a small abomination
  3381 | D:3      | Found a transporter.
  3649 | D:4      | HP: 1/37 [gnoll/+0 halberd (6)]
  3650 | D:4      | Reached skill level 4 in Fighting
  3650 | D:4      | Reached skill level 1 in Throwing
  3650 | D:4      | Slain by a gnoll

Illustrated notes

Levels and vault maps discovered:
D:1:      lemuel_arrival_tunnels, layout_basic, minmay_shallow_snake_nest
D:2:      layout_basic, hangedman_abyss_or_decor_lesser_grid, uniq_robin,
          uniq_terence
D:3:      layout_loops_ring, overflow_temple_1_default, grunt_qazlal_clouds,
          gammafunk_ghost_abyssal_escape
D:4:      layout_basic, uniq_natasha

Skill      XL: |  1  2  3  4  5 |
---------------+----------------+-----
Axes           | 3 |  3.2
Fighting       | 4 |  4.0
Throwing       | 1 |  1.1
Dodging        | |  3.9
Shields        | |  3.9

Action                   |  1- 3 |  4- 6 || total
-------------------------+-------+-------++-------
Melee: War axe           |    54 |    46 ||   100
       Constrict         |    11 |    18 ||    29
       Tentacles         |    11 |     6 ||    17
  Use: Scroll            |       |     5 ||     5
 Stab: Sleeping          |     1 |     2 ||     3
Armor: Skin              |     5 |     1 ||     6
Dodge: Dodged            |    41 |    30 ||    71
Block: Kite shield       |    41 |    24 ||    65

Table legend: (Time is in decaauts)
 A = Elapsed time spent in this place.
 B = Non-inter-level travel time spent in this place.
 C = Inter-level travel time spent in this place.
 D = Time resting spent in this place.
 E = Time spent auto-exploring this place.
 F = Levels seen in this place.
 G = Mean time per level.
                   A        B        C        D        E       F      G
               +--------+--------+--------+--------+--------+-----+--------+
         Total |   3709 |   3633 |     76 |   1299 |   1880 |   4 |  927.2 |
       Dungeon |   3709 |   3633 |     76 |   1299 |   1880 |   4 |  927.2 |
               +--------+--------+--------+--------+--------+-----+--------+

Top non-repeatable levels by time:
     D:1: 1385 daAuts
     D:3: 1355 daAuts
     D:2: 913 daAuts
     D:4: 54 daAuts
